 Dungeon Crawl Stone Soup version 0.23-a0-295-g2e428d4 (webtiles) character file.

1777 mhoghedin the Grappler (level 8, -4/74 HPs)
             Began as a Centaur Gladiator on Oct 4, 2018.
             Slain by a killer bee (8 damage)
             ... on level 6 of the Dungeon.
             The game lasted 00:11:34 (5756 turns).

mhoghedin the Grappler (Centaur Gladiator)          Turns: 5756, Time: 00:11:34

Health: -4/74      AC: 10    Str: 18    XL:     8   Next: 81%
Magic:  7/7        EV:  7    Int:  7    God:
Gold:   307        SH:  9    Dex: 14    Spells: 7/7 levels left

rFire    . . .     SeeInvis .     - Unarmed
rCold    . . .     Gourm    +   v - +2 shield {AC+3}
rNeg     . . .     Faith    .   a - +0 leather armour
rPois    .         Spirit   .   b - +1 helmet
rElec    .         Reflect  .   (no cloak)
rCorr    .         Harm     .   m - +0 pair of gloves
MR       +....                  (no barding)
Stlth    +.........             e - amulet of the gourmand {Gourm, !d}
HPRegen  0.22/turn              (no ring)
MPRegen  0.10/turn              (no ring)

@: lethally poisoned (-4 -> -7), very quick
A: large, hooves 3, agile 1, deformed body, speed 2, low mp 1, magic resistance
1, tough skin 3, MP-powered wands
a: no special abilities


You were on level 6 of the Dungeon.
You were not hungry.

You visited 1 branch of the dungeon, and saw 7 of its levels.

You collected 307 gold pieces.

Inventory:

Missiles
 c - 4 throwing nets {=f, !d}
 h - 7 curare-tipped needles
Armour
 a - a +0 leather armour (worn)
 b - a +1 helmet (worn)
 j - a +0 pair of gloves
   (You found it on level 2 of the Dungeon)
 m - a +0 pair of gloves (worn)
   (You found it on level 2 of the Dungeon)
 v - a +2 shield of protection (worn)
   (You found it on level 7 of the Dungeon)
Magical Staves
 s - an uncursed staff of air {unknown}
   (You found it on level 5 of the Dungeon)
Jewellery
 e - an amulet of the gourmand (around neck) {Gourm, !d}
   (You found it on level 4 of the Dungeon)
Wands
 w - a wand of clouds (4)
   (You found it on level 7 of the Dungeon)
Scrolls
 f - a scroll of enchant weapon
 g - 4 scrolls of remove curse
 i - a scroll of identify
 l - 2 scrolls of fog
 n - a scroll of amnesia {unknown}
 o - a scroll of immolation {!r}
 p - a scroll of blinking {unknown}
 u - a scroll of teleportation {unknown}
Potions
 k - a potion of flight
 q - a potion of magic {unknown}
 r - a potion of resistance
 t - a potion of cancellation
Comestibles
 d - 8 rations


   Skills:
 + Level 8.2 Fighting
 - Level 2.1 Throwing
 - Level 2.1 Dodging
 + Level 0.5 Shields
 + Level 8.6 Unarmed Combat


You had 7 spell levels left.
You didn't know any spells.
Your spell library was empty.

Dungeon Overview and Level Annotations

Branches:
Dungeon (7/15)             Temple (0/1) D:7

Altars:
Nemelex Xobeh


Innate Abilities, Weirdness & Mutations

You have hooves in place of feet.
Armour fits poorly on your strangely shaped body.
You cover ground very quickly.
You have extremely tough skin. (AC +3)
You are agile. (Dex +2)
Your magical capacity is low. (-10% MP)
You are resistant to hostile enchantments. (MR+)
You expend magic power (3 MP) to strengthen your wands.


Message History

A killer bee comes into view.
The killer bee buzzes angrily.
You hear an angry buzzing noise.
You hear a shout!
You hear an angry buzzing noise.
An adder, a kobold and a big kobold come into view.
The adder hisses angrily.
The big kobold shouts!
The kobold shouts!
You hear a shout!
A killer bee comes into view.
A kobold comes into view.
A killer bee comes into view.
The killer bee buzzes angrily. x2
A killer bee comes into view.
You block the killer bee's attack.
A scorpion comes into view.
A killer bee comes into view.
You miss the killer bee. Your kick misses the killer bee.
The killer bee stings you! The killer bee stings you.
A kobold comes into view.
You punch the killer bee!
You kill the killer bee!
You block the killer bee's attack. The killer bee stings you.
A worker ant comes into view.
A crimson imp comes into view.
You punch the killer bee! You kick the killer bee.
You block the killer bee's attack. The killer bee barely misses you.
The killer bee stings you.
You are poisoned.
The killer bee poisons you! The killer bee stings you.
You are more poisoned.
The killer bee poisons you!
An orc comes into view. It is wielding a dagger.
You take 20 damage, and have 49/74 hp.
MASSIVE DAMAGE!!
You feel sick.
You take 1 damage, and have 48/74 hp.
You feel sick. The killer bee misses you.
You take 1 damage, and have 47/74 hp.
You feel sick.
You take 1 damage, and have 46/74 hp.
You feel sick.
The killer bee stings you but does no damage.
You feel sick.
The killer bee stings you but does no damage.
You take 1 damage, and have 45/74 hp.
You feel sick. You block the killer bee's attack.
You take 1 damage, and have 44/74 hp.
You feel sick. You block the killer bee's attack.
You feel sick.
You take 1 damage, and have 43/74 hp.
You block the killer bee's attack.
You feel sick. You block the killer bee's attack.
You feel sick. The killer bee stings you. The killer bee closely misses you.
You take 6 damage, and have 37/74 hp.
There is a stone staircase leading up here.
The killer bee stings you.
You hear a distant blaring wail to the southeast.
You climb upwards.
You feel sick.
There is a stone staircase leading down here.
You take 2 damage, and have 35/74 hp.
You are too injured to fight recklessly!
You miss the killer bee. Your kick misses the killer bee.
The killer bee stings you but does no damage.
The killer bee stings you. You block the killer bee's attack.
The killer bee stings you but does no damage.
You take 5 damage, and have 30/74 hp.
You punch the killer bee!
You kill the killer bee!
The killer bee closely misses you. The killer bee stings you.
You are more poisoned.
The killer bee poisons you!
You take 5 damage, and have 25/74 hp.
You barely miss the killer bee.
You feel sick. The killer bee stings you. You block the killer bee's attack.
You take 2 damage, and have 23/74 hp.
You miss the killer bee.
You feel sick.
The killer bee stings you but does no damage.
You block the killer bee's attack.
You take 1 damage, and have 22/74 hp.
You completely miss the killer bee.
You feel sick.
The killer bee stings you but does no damage.
You block the killer bee's attack.
You take 1 damage, and have 21/74 hp.
You closely miss the killer bee. You kick the killer bee.
You block the killer bee's attack. x2
You closely miss the killer bee. Your kick misses the killer bee.
You feel sick.
The killer bee stings you but does no damage.
The orc priest mumbles some strange prayers to Beogh against you.
Beogh smites you!
* * * LOW HITPOINT WARNING * * *
You block the killer bee's attack.
You hear a shout!
You take 11 damage, and have 10/74 hp.
You punch the killer bee!
You feel sick. The killer bee stings you.
* * * LOW HITPOINT WARNING * * *
A jackal comes into view.
You take 5 damage, and have 5/74 hp.
Unknown command.
You hit the killer bee but do no damage.
* * * LOW HITPOINT WARNING * * *
You feel sick. You block the killer bee's attack. The killer bee stings you!
You die...

#........# #........#
##........### #### #
..........>.. #..## #.
#..>.....##. #...# ####h########
#...<..[.. ##..###
............###....###..
......#######...............###..
.......)....#...@y...............
.......####............#......##.
.........###........#........<†..
.......#.##............#....###.#
...........o.....#..........## .#
....z>......#......#.........##.#
..z.......<....#.#...##....^.....
...o...#...##..#.###.##..#.......
...ozz...........# #.##..###.....


You could see a killer bee, an orc priest and a jackal.

Vanquished Creatures
  A hungry ghost (D:7)
  2 sky beasts
  A necrophage (D:6)
  A centaur (D:7)
  3 ogres
  A bullfrog (D:7)
  2 killer bees
  3 wights (D:6)
  3 howler monkeys
  3 hounds
  A jelly (D:4)
  An orc priest (D:3)
  2 centaur skeletons (D:5)
  A bullfrog skeleton (D:5)
  An iguana (D:4)
  Terence (D:3)
  Natasha (twice) (D:3)
  3 worker ants
  A hound skeleton (D:5)
  A worker ant zombie (D:5)
  6 adders
  3 gnolls
  A shadow imp (D:6)
  3 oozes
  2 worms
  3 dart slugs
  5 leopard geckos
  6 orcs
  6 giant cockroaches
  4 goblins
  7 hobgoblins
  11 jackals
  6 quokkas
  A ball python (D:7)
  6 bats
  A frilled lizard (D:3)
  9 kobolds
  7 rats
121 creatures vanquished.

Notes
Turn   | Place    | Note
-------+----------+-------------------------------------------
     0 | D:1      | mhoghedin the Centaur Gladiator began the quest for the
                  | Orb.
     0 | D:1      | Reached XP level 1. HP: 17/17 MP: 1/1
    10 | D:1      | Noticed an electric eel
   101 | D:1      | Reached XP level 2. HP: 21/25 MP: 2/2
   386 | D:1      | Reached XP level 3. HP: 29/30 MP: 3/3
   405 | D:1      | You fall through a shaft!
   480 | D:2      | Reached skill level 3 in Fighting
   641 | D:2      | Reached skill level 4 in Unarmed Combat
   852 | D:2      | Reached XP level 4. HP: 37/38 MP: 4/4
  1172 | D:2      | Found a sparkling altar of Nemelex Xobeh.
  1520 | D:3      | Noticed Terence
  1538 | D:3      | Killed Terence
  1730 | D:3      | Noticed an ogre
  1734 | D:3      | Reached XP level 5. HP: 37/46 MP: 5/5
  1772 | D:3      | Killed an ogre
  1772 | D:3      | Reached skill level 4 in Fighting
  1772 | D:3      | Reached skill level 5 in Unarmed Combat
  2081 | D:3      | HP: 10/47 [orc/club (5)]
  2084 | D:3      | Gained mutation: You are resistant to hostile enchantments.
                  | (MR+) [potion of mutation]
  2084 | D:3      | Gained mutation: You are agile. (Dex +2) [potion of
                  | mutation]
  2084 | D:3      | Gained mutation: Your magical capacity is low. (-10% MP)
                  | [potion of mutation]
  2084 | D:3      | Gained mutation: You expend magic power (3 MP) to
                  | strengthen your wands. [potion of mutation]
  2532 | D:3      | Reached XP level 6. HP: 53/53 MP: 5/5
  2541 | D:3      | Noticed Natasha
  2547 | D:3      | Killed Natasha
  2694 | D:3      | Noticed Natasha
  2697 | D:3      | Killed Natasha
  2765 | D:4      | Reached skill level 5 in Fighting
  2779 | D:4      | mhoghedin: o
  3052 | D:4      | HP: 14/56 [gnoll/spear (6)]
  3518 | D:4      | Reached skill level 6 in Unarmed Combat
  3617 | D:4      | Reached XP level 7. HP: 58/61 MP: 6/6
  3929 | D:4      | Reached skill level 6 in Fighting
  4129 | D:5      | Entered Level 5 of the Dungeon
  4924 | D:5      | Reached skill level 7 in Unarmed Combat
  5117 | D:6      | Reached XP level 8. HP: 61/71 MP: 7/7
  5285 | D:6      | Reached skill level 7 in Fighting
  5526 | D:7      | Reached skill level 8 in Unarmed Combat
  5594 | D:7      | Reached skill level 8 in Fighting
  5701 | D:7      | Found a staircase to the Ecumenical Temple.
  5754 | D:6      | HP: 10/74 [orc priest/divine providence (10)]
  5756 | D:6      | HP: 4/74 [poisoned by a killer bee]
  5756 | D:6      | Slain by a killer bee

Vault maps used:
D:1:      arrival_aquarium_a, serial_glass, glass_columns_b, glass_columns_b
D:2:      nemelex_altar_shiori, first_ration, minmay_misc_feat_cross
D:3:      minmay_close_crescents, uniq_natasha, uniq_terence
D:4:      minmay_misc_feat_rows
D:7:      minmay_temple_entry_mist

Skill      XL: |  1  2  3  4  5  6  7  8 |
---------------+-------------------------+-----
Fighting       | 3 4 5 6 8 |  8.2
Unarmed Combat | 4 5 6 7 8 |  8.6
Throwing       | |  2.1
Dodging        | |  2.1
Shields        | |  0.5

Action                   |  1- 3 |  4- 6 |  7- 9 || total
-------------------------+-------+-------+-------++-------
Melee: Unarmed           |    96 |   156 |   164 ||   416
       Kick              |    14 |    33 |    51 ||    98
       Punch             |       |     3 |     5 ||     8
Evoke: Wand              |       |    10 |    15 ||    25
  Use: Potion            |       |     4 |     2 ||     6
       Scroll            |       |     6 |     4 ||    10
 Stab: Invisible         |       |     2 |       ||     2
  Eat: Chunk             |       |     6 |    11 ||    17
       Ration            |       |       |     2 ||     2
Armor: Leather armour    |    44 |    78 |    56 ||   178
       Skin              |       |       |     2 ||     2
Dodge: Dodged            |    56 |    98 |    72 ||   226
Block: Shield            |       |       |    15 ||    15

Table legend:
 A = Non-vault XP
 B = Vault XP
 C = Vault XP percentage of total XP
 D = Non-vault monster count
 E = Vault monster count
 F = Vault count percentage of total count
                 A         B        C        D         E       F
            +---------+---------+-------+---------+---------+-------
      Total |    2340 |     199 |   7.8 |     114 |       7 |   5.8
            +---------+---------+-------+---------+---------+-------
        D:1 |      43 |       0 |   0.0 |      17 |       0 |   0.0
        D:2 |      97 |       0 |   0.0 |      28 |       0 |   0.0
        D:3 |     130 |     199 |  60.5 |      23 |       7 |  23.3
        D:4 |     588 |       0 |   0.0 |      14 |       0 |   0.0
        D:5 |     213 |       0 |   0.0 |      13 |       0 |   0.0
        D:6 |     687 |       0 |   0.0 |      10 |       0 |   0.0
        D:7 |     582 |       0 |   0.0 |       9 |       0 |   0.0
            +---------+---------+-------+---------+---------+-------

Vault maps used:
D:1:      arrival_aquarium_a, serial_glass, glass_columns_b, glass_columns_b
D:2:      nemelex_altar_shiori, first_ration, minmay_misc_feat_cross
D:3:      minmay_close_crescents, uniq_natasha, uniq_terence
D:4:      minmay_misc_feat_rows
D:7:      minmay_temple_entry_mist

Table legend:
 A = Turns spent in this place as a percentage of turns spent in the entire game.
 B = Non-inter-level travel turns spent in this place as a percentage of non-inter-level travel turns spent in the entire game.
 C = Inter-level travel turns spent in this place as a percentage of turns spent in this place.
 D = Turns resting spent in this place as a percentage of non-inter-level travel turns spent in this place.
 E = Turns spent auto-exploring this place as a percentage of non-inter-level travel turns spent in this place.
 F = Non-inter-level travel turns spent in this place divided by the number of levels of this place that you've seen.
                   A       B       C       D       E      F
               +-------+-------+-------+-------+-------+----------------------
         Total | 100.0 | 100.0 |   3.3 |  32.8 |  46.3 | 795.0
       Dungeon | 100.0 | 100.0 |   3.3 |  32.8 |  46.3 | 795.0
               +-------+-------+-------+-------+-------+----------------------

Table legend:
 A = Kills in this place as a percentage of kills in entire the game.
 B = Kills by you in this place as a percentage of kills by you in the entire game.
 C = Kills by friends in this place as a percentage of kills by friends in the entire game.
 D = Other kills in this place as a percentage of other kills in the entire game.
 E = Experience gained in this place as a percentage of experience gained in the entire game.
 F = Experience gained in this place divided by the number of levels of this place that you have seen.
                   A       B       C       D       E      F
               +-------+-------+-------+-------+-------+----------------------
         Total | 100.0 | 100.0 |   N/A |   N/A | 100.0 | 362.7
       Dungeon | 100.0 | 100.0 |   N/A |   N/A | 100.0 | 362.7
               +-------+-------+-------+-------+-------+----------------------
